Map: Eastwatch LE

Players

Hurricane

  • Race: Protoss Protoss
  • League: Master
  • Spawn Location: 7:00

Solar - Winner!

  • Race: Zerg Zerg
  • League: Master
  • Spawn Location: 1:00

Event: Memes & Dreams Invitational

VOD

Have the link to the VOD?

Description

Time

  • Played on: April 12, 2018, 11:56 p.m.
  • Length: 10:32

All games in this series

Show
View Real Time Build Order
Export as new Build Order

Hurricane Protoss 

Build Orders: 1 Gate Expand, Oracle Opening, Phoenix Opening 

Get SALT Encoding   

  12  0:00  Probe  
  13  0:12  Probe  
  14  0:18  Pylon  
  14  0:25  Probe (Chrono Boost)  
  15  0:37  Probe (Chrono Boost)  
  15  0:38  Gateway  
  16  0:45  Probe (Chrono Boost)  
  16  0:48  Assimilator  
  17  0:51  Probe  
  18  1:03  Probe  
  19  1:15  Probe  
  20  1:25  Nexus  
  20  1:35  Cybernetics Core  
  20  1:38  Probe  
  21  1:44  Assimilator  
  21  1:50  Probe  
  22  1:54  Pylon  
  22  2:02  Probe  
  23  2:10  Adept (Chrono Boost)  
  23  2:14  Probe  
  26  2:20  Stargate  
  26  2:27  Probe (Chrono Boost), Warp Gate  
  27  2:31  Adept  
  29  2:38  Probe (Chrono Boost)  
  29  2:39  Probe (Chrono Boost)  
  31  2:47  Probe x2 (Chrono Boost)  
  33  2:52  Probe (Chrono Boost)  
  33  2:53  Probe  
  35  2:58  Adept  
  35  3:04  Probe  
  35  3:05  Probe, Oracle (Chrono Boost)  
  42  3:16  Probe  
  42  3:17  Pylon  
  42  3:18  Probe  
  44  3:28  Probe  
  44  3:30  Probe  
  46  3:35  Phoenix  
  46  3:36  Assimilator  
  46  3:38  Assimilator  
  46  3:40  Probe  
  49  3:44  Probe  
  49  3:47  Robotics Facility  
  50  3:52  Probe  
  51  3:56  Probe, Pylon  
  51  4:00  Gateway  
  51  4:01  Gateway  
  52  4:15  Shield Battery  
  52  4:17  Shield Battery  
  52  4:20  Pylon  
  52  4:23  Shield Battery  
  52  4:26  Oracle  
  52  4:28  Shield Battery  
  52  4:30  Pylon  
  55  4:33  Stalker  
  58  4:53  Pylon  
  58  5:02  Pylon  
  57  5:07  Pylon  
  57  5:08  Pylon  
  50  5:20  Stalker x3  
  50  5:32  Probe  
  51  5:41  Shield Battery  
  47  5:45  Cybernetics Core  
  43  5:58  Zealot x2  
  43  6:00  Gateway  
  43  6:03  Gateway  
  47  6:24  Pylon x2  
  47  6:25  Sentry  
  47  6:28  Sentry, Shield Battery  
  43  6:49  Sentry  
  43  6:52  Probe  
  46  6:54  Robotics Facility  
  46  6:55  Oracle (Chrono Boost)  
  49  7:08  Probe  
  50  7:13  Twilight Council  
  50  7:20  Adept x4  
  58  7:26  Pylon  
  58  7:41  Immortal (Chrono Boost)  
  62  7:47  Blink (Chrono Boost)  
  62  8:04  Sentry, Stalker x2  
  68  8:27  Stalker, Observer (Chrono Boost)  
  67  8:28  Zealot  
  67  8:31  Pylon  
  57  8:51  Immortal (Chrono Boost)  
  61  9:17  Dark Shrine  
  63  9:37  Observer  
  63  9:42  Stalker x2  
  67  9:46  Warp Prism (Chrono Boost)  
  63  10:16  Zealot x3  
Show
View Real Time Build Order
Export as new Build Order

Solar Zerg - Winner!

Build Orders: Hatch First, Roach Nydus 

Get SALT Encoding   

  12  0:01  Drone  
  13  0:12  Overlord  
  13  0:17  Drone  
  14  0:31  Drone x2  
  14  0:35  Drone  
  17  0:51  Hatchery  
  17  0:54  Drone  
  17  0:57  Drone  
  17  1:03  Extractor  
  17  1:16  Spawning Pool  
  17  1:17  Drone  
  17  1:20  Drone  
  18  1:27  Drone  
  19  1:39  Drone  
  20  1:49  Overlord  
  20  2:03  Queen x2  
  20  2:04  Zergling x2  
  20  2:06  Drone  
  26  2:14  Drone x2  
  28  2:21  Drone  
  29  2:25  Drone  
  30  2:36  Zergling x2  
  31  2:39  Lair, Queen  
  31  2:42  Overlord  
  33  2:46  Drone  
  33  2:49  Extractor  
  33  2:50  Drone  
  34  2:55  Drone  
  35  3:00  Drone  
  35  3:04  Drone  
  37  3:06  Roach Warren  
  37  3:10  Drone x3  
  37  3:12  Drone  
  40  3:18  Spore Crawler  
  39  3:22  Overlord  
  39  3:29  Overlord  
  39  3:39  Overseer  
  39  3:40  Nydus Network  
  39  3:41  Queen  
  38  3:47  Roach  
  42  3:48  Roach  
  42  3:52  Roach  
  46  3:57  Roach  
  46  3:58  Roach  
  50  4:03  Overlord  
  50  4:09  Overlord  
  50  4:16  Nydus Canal  
  47  4:20  Roach x2  
  53  4:24  Roach  
  53  4:25  Zergling x2  
  53  4:29  Roach  
  56  4:37  Overlord  
  56  4:39  Roach  
  56  4:43  Roach  
  60  4:48  Roach  
  60  4:50  Roach  
  64  4:54  Roach  
  64  4:58  Roach  
  68  5:04  Roach  
  69  5:07  Queen  
  70  5:17  Spore Crawler  
  70  5:20  Drone x3  
  72  5:24  Overlord  
  72  5:29  Overlord  
  72  5:36  Glial Reconstitution  
  72  5:45  Drone  
  72  5:46  Drone  
  72  5:48  Drone  
  73  5:55  Roach  
  74  5:57  Overlord  
  74  6:00  Queen  
  74  6:01  Ravager x2  
  78  6:04  Drone  
  78  6:08  Drone  
  80  6:13  Drone  
  77  6:20  Roach  
  77  6:24  Roach  
  77  6:33  Roach x2  
  77  6:34  Roach x2  
  72  6:45  Drone x2  
  74  6:57  Drone  
  74  6:58  Drone  
  76  7:02  Overseer  
  76  7:05  Overlord  
  76  7:06  Drone  
  77  7:10  Ravager  
  77  7:15  Drone x2, Hatchery  
  79  7:16  Drone  
  79  7:18  Overlord  
  79  7:19  Extractor, Roach  
  79  7:22  Roach x3  
  89  7:30  Roach x2  
  91  7:42  Roach x2  
  95  7:47  Drone x3  
  95  7:51  Overlord, Roach  
  98  7:52  Roach  
  98  7:54  Roach x2  
  106  8:04  Drone  
  106  8:05  Drone  
  108  8:08  Queen  
  110  8:13  Roach  
  110  8:15  Roach  
  110  8:16  Overlord  
  110  8:17  Overlord  
  110  8:18  Drone  
  110  8:19  Drone  
  114  8:24  Drone x2  
  114  8:29  Drone  
  114  8:30  Drone  
  114  8:33  Ravager x2  
  118  8:41  Roach  
  118  8:42  Roach  
  118  8:43  Roach  
  118  8:44  Roach  
  118  8:47  Roach  
  124  8:52  Ravager  
  124  8:53  Ravager, Roach  
  128  8:57  Spore Crawler  
  128  8:59  Extractor, Roach x2  
  130  9:03  Overlord  
  130  9:08  Roach x2  
  134  9:12  Roach  
  134  9:15  Drone x2  
  134  9:19  Drone  
  134  9:20  Drone  
  134  9:22  Ravager  
  136  9:25  Roach  
  136  9:29  Roach  
  140  9:32  Roach  
  140  9:35  Overlord  
  142  9:38  Overseer  
  142  9:41  Overseer  
  142  9:43  Roach  
  144  9:46  Overlord  
  144  9:52  Overlord  
  144  9:56  Ravager x2  
  144  9:58  Overlord  
  146  10:05  Roach  
  146  10:06  Roach x2  
  150  10:09  Roach  
  150  10:13  Roach x2  
Tags
 
Add a new tag
Caveats
  • Supply blocks, unpowered buildings, or Contaminate may cause inaccurate times.
  • Supply counts are checked every 10 seconds.